 Dungeon Crawl Stone Soup version 0.25.1-8-g42b30a86e7 (webtiles) character file.

Game seed: 9556726906723618262

756 KamiKatze the Chopper (level 7, -3/61 HPs)
             Began as a Black Draconian Berserker on Dec 16, 2020.
             Was an Elder of Trog.
             Slain by a wight
             ... wielding a cursed +4 falchion
              (5 damage)
             ... on level 4 of the Dungeon.
             The game lasted 00:15:01 (4572 turns).

KamiKatze the Chopper (Black Draconian Berserker)   Turns: 4572, Time: 00:15:03

Health: -3/61      AC:  6    Str: 21    XL:     7   Next: 50%
Magic:  7/7        EV: 13    Int:  8    God:    Trog [****..]
Gold:   323        SH:  0    Dex: 10    Spells: 6/6 levels left

rFire    . . .     SeeInvis .   a - +0 hand axe
rCold    . . .     Gourm    .   (no shield)
rNeg     . . .     Faith    .   (armour unavailable)
rPois    +         Spirit   .   (helmet restricted)
rElec    +         Reflect  .   (no cloak)
rCorr    .         Harm     .   (no gloves)
MR       ++...                  (no boots)
Stlth    +.........             (no amulet)
HPRegen  1.20/turn              o - ring of poison resistance
MPRegen  0.10/turn              (no ring)

@: berserk cooldown, regenerating (expiring), slowed, drained, very slow
A: breathe lightning, unfitting armour, electricity resistance, cold-blooded, AC
+6
a: Breathe Lightning, Berserk, Trog's Hand, Brothers in Arms, Renounce Religion


You were on level 4 of the Dungeon.
You worshipped Trog.
Trog was greatly pleased with you.
You were hungry.

You visited 1 branch of the dungeon, and saw 5 of its levels.

You collected 323 gold pieces.

Inventory:

Hand Weapons
 a - a +0 hand axe (weapon)
 i - the +8 trident "Docio" {venom, SInv, unknown}
   (You found it on level 4 of the Dungeon)

   It poisons the flesh of those it strikes.
   It lets you see invisible.
 B - a cursed +4 war axe
Missiles
 e - 197 stones (quivered)
 m - 4 poisoned darts
Armour
 C - a +0 cloak
Jewellery
 o - a ring of poison resistance (left hand)
 y - an uncursed ring of ice
Wands
 d - a wand of flame (11)
 r - a wand of acid (10)
Scrolls
 g - 2 scrolls of remove curse
 h - a scroll of enchant armour {unknown}
 k - 2 scrolls of teleportation {unknown}
 l - 3 scrolls of fear {unknown}
 n - a scroll of fog {unknown}
 p - a scroll of immolation {unknown}
 s - a scroll of magic mapping {unknown}
 u - 4 scrolls of identify {unknown}
 x - a scroll of amnesia {unknown}
Potions
 c - 2 potions of heal wounds {unknown}
 f - a potion of magic {unknown}
 j - 4 potions of curing {unknown}
 q - a potion of mutation {unknown}
 t - a potion of resistance {unknown}
 v - a potion of lignification {unknown}
 w - a potion of might {unknown}
 z - 2 potions of invisibility {unknown}
Comestibles
 b - 7 rations
 A - 5 chunks of flesh


   Skills:
 + Level 5.4(4.6) Fighting
 * Level 6.2(5.3) Axes
 - Level 2.0(1.2) Throwing
 + Level 4.4(3.6) Dodging
 + Level 1.3(0.5) Evocations


You had 6 spell levels left.
You didn't know any spells.
Your spell library was empty.

Dungeon Overview and Level Annotations

Branches:
Dungeon (5/15)
 Temple: D:4-7

Altars:

Shops:
D:4 *


Innate Abilities, Weirdness & Mutations

You can breathe wild blasts of lightning.
Your glossy black scales are hard. (AC +6)
You cannot fit into any form of body armour.
You are resistant to electric shocks. (rElec)
You are cold-blooded and may be slowed by cold attacks.


Message History

You are near starving!
You feel the effects of Trog's Hand fading.
The wight closely misses you. x2; The wight hits you with a +0 mace.
* * * LOW HITPOINT WARNING * * *
You feel drained.
Eat one of 6 chunks of flesh? (ye/n/q)
You eat one of the 6 chunks of flesh.
This raw flesh tastes terrible.
You are feeling hungry.
The wight hits you with a cursed +4 falchion.
* * * LOW HITPOINT WARNING * * *
The wight barely misses you.
Unknown command.
You hit the wight.
The wight is severely damaged.
You hit the wight but do no damage.
The wight hits you with a cursed +4 falchion!
* * * LOW HITPOINT WARNING * * *
The wight barely misses you.
The wight hits you with a cursed +4 falchion.
You die...

######## ###......##
# ##.......... ##
##........... .##
######..#.........
..#
##@z...####........
..## #z.[..##
##......# ...##
#.....# ###..###
....### ###.....#
####
......#######..#...##
....#<....##..###..#
#####.......>## ####
### ##...#####.##
##.. ##...## #..#
#...


You could see 2 wights.

Vanquished Creatures
  A centaur (D:5)
  3 wights (D:5)
  A crimson imp (D:5)
  A hound (D:5)
  An iguana (D:5)
  4 orc wizards
  3 worker ants
  Natasha (thrice) (D:2)
  8 adders
  An adder zombie (D:5)
  8 worms
  2 dart slugs
  2 leopard geckos (D:3)
  11 orcs
  3 ball pythons
  5 bats
  6 giant cockroaches
  9 goblins
  7 hobgoblins
  13 jackals
  3 quokkas (D:2)
  8 frilled lizards
  10 kobolds
  4 rats
117 creatures vanquished.

Notes
Turn   | Place    | Note
-------+----------+-------------------------------------------
     0 | D:1      | KamiKatze the Draconian Berserker began the quest for the
                  | Orb.
     0 | D:1      | Reached XP level 1. HP: 19/19 MP: 1/1
    83 | D:1      | Reached XP level 2. HP: 23/26 MP: 2/2
   562 | D:1      | Reached ** piety under Trog
   600 | D:1      | Reached XP level 3. HP: 29/31 MP: 3/3
   810 | D:2      | Reached skill level 1 in Throwing
   988 | D:2      | Reached XP level 4. HP: 31/40 MP: 4/4
  1064 | D:2      | Noticed Natasha
  1068 | D:2      | Killed Natasha
  1068 | D:2      | Reached skill level 4 in Axes
  1172 | D:2      | Noticed Natasha
  1184 | D:2      | Killed Natasha
  1357 | D:2      | Reached XP level 5. HP: 26/46 MP: 5/5
  1564 | D:2      | Reached *** piety under Trog
  1749 | D:2      | Noticed Natasha
  1755 | D:2      | Killed Natasha
  2314 | D:3      | Found a faded altar of an unknown god.
  2321 | D:3      | Reached skill level 5 in Axes
  2726 | D:4      | Got a transparent trident
  2895 | D:4      | Reached XP level 6. HP: 53/53 MP: 6/6
  2935 | D:4      | Found Zinoty's Assorted Antiques.
  3479 | D:5      | Entered Level 5 of the Dungeon
  3916 | D:5      | Reached **** piety under Trog
  4002 | D:5      | Reached skill level 5 in Fighting
  4119 | D:5      | Your scales start taking on a glossy black colour.
  4119 | D:5      | Reached XP level 7. HP: 48/61 MP: 7/7
  4119 | D:5      | Gained mutation: You are resistant to electric shocks.
                  | (rElec) [Black Draconian growth]
  4419 | D:5      | Reached skill level 6 in Axes
  4419 | D:5      | Reached skill level 1 in Evocations
  4572 | D:4      | HP: 2/61 [wight/cursed +4 falchion (11)]
  4572 | D:4      | Slain by a wight

Illustrated notes

Levels and vault maps discovered:
D:1:      scummos_arrival_checkerplants, layout_basic
D:2:      minmay_evil_eye, layout_loops_cross, first_ration, uniq_natasha
D:3:      layout_basic, chequers_ecumenical_altar_simple_redux,
          serial_park_tiny_pond
D:4:      layout_cave_pods, serial_shops, nicolae_shop_stone,
          minmay_misc_feat_pillars
D:5:      layout_rooms

Skill      XL: |  1  2  3  4  5  6  7 |
---------------+----------------------+-----
Dodging        | 3 4 |  4.4
Throwing       | 1 2 |  2.0
Fighting       | 4 5 |  5.4
Axes           | 4 5 6 |  6.2
Evocations     | 1 |  1.3

Action                   |  1- 3 |  4- 6 |  7- 9 || total
-------------------------+-------+-------+-------++-------
Melee: Hand axe          |   114 |   235 |    43 ||   392
       Tailslap          |    10 |    24 |     9 ||    43
Throw: Stone             |     1 |       |       ||     1
Invok: Berserk           |     1 |     9 |     2 ||    12
       Trog's Hand       |       |     1 |     1 ||     2
  Use: Scroll            |       |     1 |       ||     1
 Stab: Sleeping          |     2 |     1 |       ||     3
  Eat: Chunk             |     1 |    19 |     3 ||    23
Armor: Skin              |    37 |    64 |    13 ||   114
Dodge: Dodged            |    89 |   163 |    40 ||   292
